 Dungeon Crawl Stone Soup version 0.21.1-1-g345015f (webtiles) character file.

60 Scar the Covered (level 4, -2/29 HPs)
             Began as a Gargoyle Fighter on May 1, 2018.
             Slain by 0gre's ghost (7 damage)
             ... on level 3 of the Dungeon.
             The game lasted 00:27:12 (2344 turns).

Scar the Covered (Gargoyle Fighter)                 Turns: 2344, Time: 00:27:13

Health: -2/29      AC: 10    Str: 20    XL:     4   Next: 4%
Magic:  4/4        EV:  7    Int:  9    God:
Gold:   119        SH:  9    Dex:  9    Spells: 3/3 levels left

rFire    . . .     SeeInvis .   a - +0 flail
rCold    . . .     Gourm    .   c - +0 shield
rNeg     + . .     Faith    .   b - +0 scale mail
rPois    ∞         Spirit   .   (no helmet)
rElec    +         Reflect  .   (no cloak)
rCorr    .         Harm     .   (no gloves)
MR       .....                  (no boots)
Stlth    ..........             (no amulet)
HPRegen  0.09/turn              (no ring)
MPRegen  0.09/turn              (no ring)

@: no status effects
A: negative energy resistance 1, electricity resistance, unbreathing,
petrification resistance, rot immunity, AC +3
a: no special abilities


You were on level 3 of the Dungeon.
You were hungry.

You visited 1 branch of the dungeon, and saw 3 of its levels.

You collected 119 gold pieces.

Inventory:

Hand Weapons
 a - a +0 flail (weapon)
 q - a +2 dagger of venom
Missiles
 l - 31 bolts
 s - 7 tomahawks (quivered)
 t - 32 poisoned needles
Armour
 b - a +0 scale mail (worn)
 c - a +0 shield (worn)
Scrolls
 e - 2 scrolls of enchant weapon
 g - 3 scrolls of remove curse
 k - a scroll of teleportation
 n - a scroll of identify
 o - a scroll of fog {unknown}
 r - a scroll of blinking {unknown}
 x - a scroll of random uselessness {unknown}
 y - a scroll of amnesia {unknown}
 A - a scroll of fear {unknown}
Potions
 d - 2 potions of might
 h - a potion of haste {unknown}
 i - a potion of agility {unknown}
 j - a potion of curing {unknown}
 m - a potion of mutation {unknown}
 u - a potion of brilliance {unknown}
 w - a potion of heal wounds {unknown}
 z - a potion of berserk rage {unknown}
Comestibles
 f - 4 rations
 v - a chunk of flesh


   Skills:
 + Level 3.7 Fighting
 + Level 2.5 Maces & Flails
 + Level 3.9 Armour
 + Level 0.3 Dodging
 + Level 3.9 Shields


You had 3 spell levels left.
You didn't know any spells.

Dungeon Overview and Level Annotations

Branches:
Dungeon (3/15)

Altars:
Ashenzari

Annotations:
D:3 0gre's ghost, amateur OgBe


Innate Abilities, Weirdness & Mutations

You are resistant to torment.
Your stone body is resilient. (AC +3)
You are immune to poison.
You resist negative energy. (rN+)
You are resistant to electric shocks. (rElec)
You can survive without breathing.
You are immune to petrification.
You are immune to rotting.


Message History

Welcome back, Scar the Gargoyle Fighter.
Press ? for a list of commands and other information.
There is a stone staircase leading down here.
You see here a dagger.
You climb downwards.
Found a ration, a scroll labeled YTUKHL ARREORO and 10 gold pieces.
There is a stone staircase leading up here. 0gre's ghost (amateur Ogre Berserker) comes into view. 0gre's ghost turns its malevolent gaze towards you. 0gre's ghost hits you!
You block 0gre's ghost's attack.
You barely miss 0gre's ghost. 0gre's ghost barely misses you.
You block 0gre's ghost's attack.
You hit 0gre's ghost but do no damage. 0gre's ghost hits you!
* * * LOW HITPOINT WARNING * * *
0gre's ghost hits you.
* * * LOW HITPOINT WARNING * * *
There is a stone staircase leading up here. 0gre's ghost hits you!
You die...

# #.###
#.....#
###.#.#.#
$.......
#.#.#.# #
#.?%..##.#
#.#....#
#..W#......
#..@# .....
.......###
.##.
#.##.#. #
#.## #


You could see 0gre's ghost.

Vanquished Creatures
  3 worms (D:2)
  A dart slug (D:1)
  4 leopard geckos
  4 bats
  A giant cockroach (D:1)
  6 goblins
  7 hobgoblins
  4 kobolds
  2 ball pythons (D:1)
  8 frilled lizards
  6 rats
46 creatures vanquished.

Vanquished Creatures (others)
  A plant (D:2)
1 creature vanquished.

Grand Total: 47 creatures vanquished

Notes
Turn   | Place    | Note
-------+----------+-------------------------------------------
     0 | D:1      | Scar the Gargoyle Fighter began the quest for the Orb.
     0 | D:1      | Reached XP level 1. HP: 14/14 MP: 1/1
   122 | D:1      | Reached XP level 2. HP: 19/19 MP: 2/2
   846 | D:1      | Reached XP level 3. HP: 23/23 MP: 3/3
  2232 | D:2      | Reached XP level 4. HP: 29/29 MP: 4/4
  2252 | D:2      | Found a shattered altar of Ashenzari.
  2336 | D:3      | Noticed 0gre's ghost (amateur OgBe)
  2344 | D:3      | Slain by 0gre's ghost

Action                   |  1- 3 |  4- 6 || total
-------------------------+-------+-------++-------
Melee: Flail             |   190 |     2 ||   192
  Use: Scroll            |     3 |       ||     3
  Eat: Ration            |     1 |       ||     1
       Chunk             |     1 |       ||     1
Armor: Scale mail        |   149 |       ||   149
Dodge: Dodged            |    83 |     1 ||    84
Block: Shield            |   136 |     2 ||   138
